 Dungeon Crawl Stone Soup version 0.29.1-2-gbd0b4ee654 (webtiles) character file.

Game seed: 10514773500781111900

1243 RUZZLEFAZAZZLE the Cudgeller (level 8, -4/67 HPs)
             Began as a Gnoll Cinder Acolyte on Nov 16, 2022.
             Was an Elder of Ignis.
             Succumbed to a water moccasin's poison
             ... on level 6 of the Dungeon.
             The game lasted 00:15:38 (7217 turns).

RUZZLEFAZAZZLE the Cudgeller (Gnoll Cinder Acolyte) Turns: 7217, Time: 00:15:39

Health: -4/67      AC:  9    Str: 16    XL:     8   Next: 50%
Magic:  14/14      EV:  7    Int: 13    God:    Ignis [****..]
Gold:   169        SH:  0    Dex:  8    Spells: 16/16 levels left

rFire   + . .      SeeInvis .   a - -1 mace (flame)
rCold   . . .      Faith    .   (no shield)
rNeg    . . .      Spirit   .   g - +0 chain mail
rPois   .          Reflect  .   (no helmet)
rElec   .          Harm     .   (no cloak)
rCorr   .          Rampage  .   (no gloves)
Will    .....                   (no boots)
Stlth   ..........              q - amulet of regeneration
HPRegen 1.01/turn               c - ring of wizardry
MPRegen 0.14/turn               (no ring)

@: lethally poisoned (-4 -> -21)
A: fangs 1, strong nose, distributed training, wild magic 1
a: Renounce Religion, Fiery Armour, Foxfire Swarm, Rising Flame


You were on level 6 of the Dungeon.
You worshipped Ignis.
Ignis was greatly pleased with you.
You visited 1 branch of the dungeon, and saw 6 of its levels.
You also visited: Ossuary.

You collected 169 gold pieces.

Inventory:

Hand Weapons
 a - a -1 mace of flaming (weapon)
 d - a +0 flail of holy wrath
 p - a +3 whip
Armour
 b - a +1 robe of the Archmagi
 g - a +0 chain mail (worn)
Jewellery
 c - a ring of wizardry (left hand)
 q - an amulet of regeneration (around neck)
Scrolls
 h - a scroll of amnesia
 k - 2 scrolls of magic mapping
 o - 3 scrolls of blinking
 r - 2 scrolls of fear {unknown}
 s - a scroll of enchant weapon {unknown}
 u - a scroll of immolation {unknown}
 v - 2 scrolls of noise {unknown}
Potions
 e - a potion of cancellation
 f - 3 potions of magic
 i - 2 potions of flight
 j - 2 potions of lignification
 l - 2 potions of might
 m - a potion of degeneration {unknown}
 t - a potion of resistance {unknown}


   Skills:
 + Level 7.4 Fighting
 + Level 3.4 Short Blades
 + Level 3.4 Long Blades
 + Level 3.4 Axes
 + Level 7.4 Maces & Flails
 + Level 3.4 Polearms
 + Level 3.4 Staves
 + Level 3.4 Ranged Weapons
 + Level 3.4 Throwing
 + Level 3.4 Armour
 + Level 3.4 Dodging
 + Level 3.4 Stealth
 + Level 3.4 Shields
 + Level 3.4 Unarmed Combat
 + Level 4.5 Spellcasting
 + Level 2.8 Conjurations
 + Level 2.8 Hexes
 + Level 2.8 Summonings
 + Level 2.8 Necromancy
 + Level 2.8 Translocations
 + Level 2.8 Transmutations
 + Level 6.2 Fire Magic
 + Level 2.8 Ice Magic
 + Level 2.8 Air Magic
 + Level 2.8 Earth Magic
 + Level 2.8 Poison Magic
 + Level 3.8 Invocations
 + Level 3.4 Evocations


You had 16 spell levels left.
You didn't know any spells.
Your spell library contained the following spells:

 Spells                   Type           Power      Damage    Failure   Level
 Scorch                   Fire           48%        2d7       21%         2
 Apportation              Tloc           26%        N/A       45%         1
 Shock                    Conj/Air       52%        1d6       45%         1
 Sublimation of Blood     Necr           13%        N/A       58%         2
 Wereblood                Tmut           13%        N/A       58%         2
 Ozocubu's Armour         Ice            13%        N/A       80%         3
 Swiftness                Air            13%        N/A       80%         3
 Airstrike                Air            6%         2d(1-17)  99%         4
 Alistair's Intoxication  Tmut/Pois      8%         N/A       100%        5
 Metabolic Englaciation   Hex/Ice        6%         N/A       100%        5
 Simulacrum               Ice/Necr       6%         N/A       100%        6
 Summon Hydra             Summ           6%         N/A       100%        7


Dungeon Overview and Level Annotations

Branches:
Dungeon (6/15)             Temple (0/1) D:4         Ossuary (visited)

Altars:
Ashenzari
Trog
Xom

Shops:
D:1 =!


Innate Abilities, Weirdness & Mutations

You have very sharp teeth.
Your uncanny sense of smell can sniff out nearby items.
Your experience applies equally to all skills.
Your spells are a little harder to cast, but a little more powerful.


Message History

You are more poisoned.
The water moccasin poisons you!
The iguana hisses menacingly.
The water moccasin attacks as you move away!
The water moccasin bites you but does no damage.
You feel very sick. The water moccasin bites you.
The water moccasin attacks as you move away!
The water moccasin bites you!
You feel very sick.
The water moccasin attacks as you move away!
The water moccasin bites you.
You are more poisoned.
The water moccasin poisons you!
You feel very sick.
You feel very sick. The water moccasin bites you.
You feel very sick.
The black bear attacks as you move away!
The black bear bites you. The black bear claws you.
* * * LOW HITPOINT WARNING * * *
The black bear claws you but does no damage.
The water moccasin attacks as you move away!
The water moccasin bites you.
* * * LOW HITPOINT WARNING * * *
You are lethally poisoned!
The water moccasin poisons you!
* * * LOW HITPOINT WARNING * * *
You feel very sick. The water moccasin bites you.
* * * LOW HITPOINT WARNING * * *
You are more poisoned.
The water moccasin poisons you!
Okay, then.
Blink to where?
Press: ? - help, Dir - move target
As you read the scroll of blinking, it crumbles to dust.
* * * LOW HITPOINT WARNING * * *
You feel extremely sick.
You die...

..................#########
....#####..####.#..........
....# #.## #.#...### #####
#.# #..##.# ...## ##.#
##.##.# ##..####..# #.##.#
###.......######.##.##.#
..#####.....[..........# ..
...#####........@..###.......
...................# ##....
.###..##........Sh.######....
.................h...........
.#######.#......l...##.......
.## #.#..............### ..#
#.#................# #.#
###...............###..# #.#
......####..........# ..#


You could see a water moccasin, 2 black bears and an iguana.

Vanquished Creatures
  Menkaure (Ossuary)
  An orc warrior (D:5)
  A centaur (D:6)
  A phantom (D:5)
  A bullfrog (D:6)
  3 scorpions
  A howler monkey (D:4)
  A hound (D:5)
  2 orc priests (D:5)
  2 jellies
  An iguana (D:5)
  2 orc wizards
  Terence (D:2)
  3 mummies (Ossuary)
  8 gnolls
  5 adders
  2 shadow imps (D:5)
  An ufetubus (D:5)
  3 worms
  4 dart slugs
  12 orcs
  7 ball pythons
  7 endoplasms
  7 giant cockroaches
  2 gnoll zombies (Ossuary)
  6 goblins
  12 hobgoblins
  6 jackals
  4 quokkas
  5 bats
  2 frilled lizards (D:1)
  6 gnoll skeletons (Ossuary)
  2 goblin skeletons (Ossuary)
  5 goblin zombies (Ossuary)
  6 hobgoblin zombies (Ossuary)
  4 kobolds
  6 kobold skeletons (Ossuary)
  A kobold zombie (Ossuary)
  5 orc skeletons (Ossuary)
  3 orc zombies (Ossuary)
  6 rats
  6 rat skeletons (Ossuary)
  8 rat zombies (Ossuary)
172 creatures vanquished.

Vanquished Creatures (others)
  5 foxfires (Ossuary)
5 creatures vanquished.

Grand Total: 177 creatures vanquished

Notes
Turn   | Place    | Note
-------+----------+-------------------------------------------
     0 | D:1      | RUZZLEFAZAZZLE the Gnoll Cinder Acolyte began the quest for
                  | the Orb.
     0 | D:1      | Reached XP level 1. HP: 23/23 MP: 4/4
   340 | D:1      | Reached XP level 2. HP: 23/29 MP: 5/5
   753 | D:1      | Found Kisillud's Distillery.
   802 | D:1      | Found Neizeass's Jewellery Boutique.
   941 | D:1      | Reached XP level 3. HP: 33/35 MP: 7/7
  1227 | D:1      | Reached skill level 1 in Invocations
  1336 | D:1      | Found a faded altar of an unknown god.
  1359 | D:1      | Reached skill level 1 in Short Blades
  1359 | D:1      | Reached skill level 1 in Long Blades
  1359 | D:1      | Reached skill level 1 in Axes
  1359 | D:1      | Reached skill level 1 in Polearms
  1359 | D:1      | Reached skill level 1 in Staves
  1359 | D:1      | Reached skill level 1 in Ranged Weapons
  1359 | D:1      | Reached skill level 1 in Throwing
  1359 | D:1      | Reached skill level 1 in Armour
  1359 | D:1      | Reached skill level 1 in Dodging
  1359 | D:1      | Reached skill level 1 in Stealth
  1359 | D:1      | Reached skill level 1 in Shields
  1359 | D:1      | Reached skill level 1 in Unarmed Combat
  1359 | D:1      | Reached skill level 1 in Evocations
  1861 | D:2      | Reached XP level 4. HP: 36/41 MP: 8/8
  2018 | D:2      | Noticed Terence
  2023 | D:2      | Killed Terence
  2024 | D:2      | Reached skill level 1 in Conjurations
  2024 | D:2      | Reached skill level 1 in Hexes
  2024 | D:2      | Reached skill level 1 in Summonings
  2024 | D:2      | Reached skill level 1 in Necromancy
  2024 | D:2      | Reached skill level 1 in Translocations
  2024 | D:2      | Reached skill level 1 in Transmutations
  2024 | D:2      | Reached skill level 1 in Ice Magic
  2024 | D:2      | Reached skill level 1 in Air Magic
  2024 | D:2      | Reached skill level 1 in Earth Magic
  2024 | D:2      | Reached skill level 1 in Poison Magic
  2950 | D:3      | Found a broken altar of Ashenzari.
  3008 | D:3      | Reached XP level 5. HP: 47/47 MP: 9/9
  3013 | D:3      | Gained mutation: You have sharp toenails. [potion of
                  | mutation]
  3013 | D:3      | Gained mutation: Your movements are slightly less
                  | encumbered by armour. (ER -2) [potion of mutation]
  3197 | D:3      | Identified the +6 spear of Blue Purpose {venom, Int+5}
  3675 | D:4      | Found a sand-covered staircase.
  3680 | Ossuary  | Entered an ossuary
  3881 | Ossuary  | Reached XP level 6. HP: 53/53 MP: 11/11
  3981 | Ossuary  | Noticed Menkaure
  4416 | Ossuary  | Killed Menkaure
  4859 | D:4      | Reached XP level 7. HP: 59/59 MP: 12/12
  5026 | D:4      | Lost mutation: Your movements are slightly less encumbered
                  | by armour. (ER -2) [potion of mutation]
  5026 | D:4      | Lost mutation: You have sharp toenails. [potion of
                  | mutation]
  5026 | D:4      | Gained mutation: Your spells are a little harder to cast,
                  | but a little more powerful. [potion of mutation]
  5026 | D:4      | Gained mutation: You are dopey. (Int -2) [potion of
                  | mutation]
  5026 | D:4      | Lost mutation: You are dopey. (Int -2) [potion of mutation]
  5635 | D:4      | Found a staircase to the Ecumenical Temple.
  6081 | D:5      | Entered Level 5 of the Dungeon
  6518 | D:5      | Found a shimmering altar of Xom.
  6553 | D:5      | Reached XP level 8. HP: 20/67 MP: 14/14
  7204 | D:6      | Found a bloodstained altar of Trog.
  7216 | D:6      | HP: 1/67 [poisoned by a water moccasin]
  7217 | D:6      | Succumbed to a water moccasin's poison

Illustrated notes

Levels and vault maps discovered:
D:1:      amcnicky_arrival_double_pillar, layout_basic,
          hellmonk_ecumenical_altar_inner_sanctum, serial_shops,
          nicolae_shop_stone, nicolae_shop_trees
D:2:      layout_loops_cross, uniq_terence
D:3:      layout_loops_ring, mainiacjoe_overflow_boulevard,
          nicolae_figureground_pulse
D:4:      layout_layer_cave, minmay_temple_entry_nine_rooms,
          nicolae_ossuary_entry_plus
D:5:      layout_loops_ring, lemuel_crystal_altar
D:6:      layout_rooms, trog_ov_bears_minmay

Skill      XL: |  1  2  3  4  5  6  7 |
---------------+----------------------+-----
Invocations    | 1 2 3 |  3.8
Short Blades   | 1 2 3 |  3.4
Long Blades    | 1 2 3 |  3.4
Axes           | 1 2 3 |  3.4
Polearms       | 1 2 3 |  3.4
Staves         | 1 2 3 |  3.4
Ranged Weapons | 1 2 3 |  3.4
Throwing       | 1 2 3 |  3.4
Armour         | 1 2 3 |  3.4
Dodging        | 1 2 3 |  3.4
Stealth        | 1 2 3 |  3.4
Shields        | 1 2 3 |  3.4
Unarmed Combat | 1 2 3 |  3.4
Evocations     | 1 2 3 |  3.4
Spellcasting   | 3 4 |  4.5
Conjurations   | 1 2 |  2.8
Hexes          | 1 2 |  2.8
Summonings     | 1 2 |  2.8
Necromancy     | 1 2 |  2.8
Translocations | 1 2 |  2.8
Transmutations | 1 2 |  2.8
Ice Magic      | 1 2 |  2.8
Air Magic      | 1 2 |  2.8
Earth Magic    | 1 2 |  2.8
Poison Magic   | 1 2 |  2.8
Fighting       | 7 |  7.4
Maces & Flails | 7 |  7.4
Fire Magic     | 6 |  6.2

Action                   |  1- 3 |  4- 6 |  7- 9 || total
-------------------------+-------+-------+-------++-------
Melee: Mace              |   106 |   227 |   208 ||   541
       Bite              |    10 |    25 |    14 ||    49
       Kick              |       |    40 |     3 ||    43
       Punch             |       |     1 |     4 ||     5
Invok: Foxfire Swarm     |       |     1 |       ||     1
       Fiery Armour      |       |       |     2 ||     2
  Use: Potion            |     1 |     3 |     3 ||     7
       Scroll            |       |     8 |     2 ||    10
Armor: Robe              |     2 |       |       ||     2
       Leather armour    |     5 |       |       ||     5
       Ring mail         |    20 |     2 |       ||    22
       Scale mail        |       |    42 |       ||    42
       Chain mail        |       |    48 |   123 ||   171
Dodge: Dodged            |    48 |   103 |    88 ||   239
